Map: Old Republic LE

Players

Валерчик

  • Race: Terran Terran
  • League: Platinum
  • Spawn Location: 7:00

DmitryK - Winner!

  • Race: Terran Terran
  • League: Platinum
  • Spawn Location: 1:00

VOD

Have the link to the VOD?

Description

Time

  • Played on: Jan. 7, 2026, 5:34 p.m.
  • Length: 8:49
Show
View Real Time Build Order
Export as new Build Order

Валерчик Terran 

Build Orders:  

Get SALT Encoding   

  12  0:00  SCV  
  13  0:15  Supply Depot  
  13  0:17  SCV  
  14  0:27  Refinery  
  14  0:30  SCV  
  15  0:42  SCV  
  16  0:47  Barracks  
  16  0:54  SCV  
  17  1:05  Refinery  
  17  1:06  SCV  
  18  1:18  SCV  
  19  1:36  Factory  
  19  1:37  Barracks Tech Lab  
  19  1:39  Orbital Command  
  19  1:57  Supply Depot  
  19  1:58  Marauder  
  21  2:07  Concussive Shells  
  21  2:18  SCV  
  21  2:20  Marauder  
  24  2:26  Hellion  
  26  2:30  SCV  
  27  2:37  Supply Depot  
  27  2:58  SCV  
  28  3:01  Barracks Reactor  
  28  3:10  Command Center  
  28  3:11  Siege Tank  
  31  3:24  Starport  
  25  3:57  Marine x2  
  25  4:01  Liberator  
  30  4:05  Siege Tank, Bunker  
  33  4:10  SCV  
  34  4:21  Engineering Bay, Marine x2  
  34  4:23  SCV  
  37  4:29  SCV  
  38  4:35  SCV  
  39  4:53  Orbital Command  
  39  4:54  Supply Depot x2  
  39  4:58  SCV, Refinery  
  39  4:59  Refinery  
  40  5:10  SCV  
  41  5:15  Siege Tank  
  41  5:17  Viking  
  46  5:22  SCV  
  47  5:34  SCV x2, Missile Turret  
  49  5:37  Missile Turret  
  49  5:42  Viking  
  51  5:46  SCV x2  
  50  5:58  SCV x2  
  50  6:02  Barracks Tech Lab  
  52  6:07  Siege Tank  
  52  6:08  Supply Depot  
  52  6:10  SCV  
  56  6:39  Siege Tank  
Show
View Real Time Build Order
Export as new Build Order

DmitryK Terran - Winner!

Build Orders: Reaper Expand 

Get SALT Encoding   

  12  0:00  SCV  
  13  0:12  SCV  
  14  0:18  Supply Depot  
  14  0:24  SCV  
  15  0:39  SCV  
  15  0:41  Barracks  
  16  0:44  Refinery  
  16  0:51  SCV  
  17  1:03  SCV  
  18  1:15  SCV  
  19  1:30  Reaper  
  21  1:33  Orbital Command  
  20  1:45  Command Center  
  20  1:50  Supply Depot  
  20  1:58  SCV  
  21  2:04  Barracks Reactor  
  21  2:10  SCV  
  21  2:12  Barracks  
  22  2:22  SCV  
  22  2:24  Factory  
  22  2:29  Refinery  
  23  2:35  SCV  
  24  2:41  Marine x2  
  26  2:47  SCV  
  26  2:59  SCV, Marine x2, Barracks Tech Lab  
  26  3:05  Orbital Command  
  29  3:11  SCV, Starport  
  30  3:19  Factory Reactor  
  30  3:20  Marine x2  
  30  3:23  SCV, Marine  
  32  3:35  SCV  
  32  3:38  Marine x2  
  33  3:49  Marine  
  33  3:52  Stimpack  
  33  3:53  SCV x2  
  35  4:04  Marine x2  
  35  4:05  SCV x2, Supply Depot  
  35  4:07  Marine  
  40  4:13  Medivac  
  42  4:17  SCV x2  
  44  4:25  Marine  
  44  4:26  Marine x2  
  44  4:29  SCV  
  48  4:35  Medivac  
  48  4:36  SCV  
  51  4:41  SCV, Factory Tech Lab  
  51  4:43  Marine x2  
  54  4:46  Supply Depot  
  54  4:48  SCV  
  55  4:53  SCV  
  55  4:55  Marine  
  57  5:01  SCV, Marine x2  
  57  5:05  SCV  
  61  5:08  Siege Tank  
  61  5:13  SCV, Marine  
  66  5:19  SCV, Marine  
  66  5:20  Refinery  
  68  5:22  Refinery  
  68  5:26  Supply Depot  
  69  5:28  SCV  
  69  5:31  SCV  
  70  5:38  Command Center  
  70  5:47  Marine x2  
  69  5:51  Marine  
  69  5:53  SCV x2, Siege Tank  
  75  6:05  SCV, Marine  
Tags
 
Add a new tag
Caveats
  • Supply blocks, unpowered buildings, or Contaminate may cause inaccurate times.
  • Supply counts are checked every 10 seconds.